 Dungeon Crawl Stone Soup version 0.31-a0-983-g7b6862f502 (webtiles) character file.

Game seed: 7054673234360073024

6433 CowFu the Nimble (level 10, -2/77 HPs)
             Began as a Gnoll Wanderer on Nov 2, 2023.
             Was an Elder of Okawaru.
             Slain by a death yak (14 damage)
             ... on level 8 of the Dungeon.
             The game lasted 00:19:35 (8127 turns).

CowFu the Nimble (Gnoll Wanderer)                   Turns: 8127, Time: 00:19:35

Health: -2/77      AC: 11    Str: 12    XL:     10   Next: 99%
Magic:  2/19       EV: 12    Int: 26    God:    Okawaru [****..]
Gold:   416        SH:  9    Dex: 12    Spells: 18/22 levels left

rFire   + . .        M - +6 spear (flame)
rCold   . . .        N - +0 kite shield
rNeg    . . .        i - +1 ring mail "Wuosoux" {rF+ Regen+ rCorr Int+5}
rPois   .            (no helmet)
rElec   .            J - +2 cloak {rCorr}
rCorr   +            n - +0 pair of gloves
SInv    .            (no boots)
Will    .....        (no amulet)
Stlth   ++           G - +4 ring of slaying
HPRegen 1.12/turn    y - +6 ring of intelligence
MPRegen 0.16/turn

%: no passive effects
@: very slightly contaminated
A: fangs 1, strong nose, distributed training
a: Renounce Religion, Heroism, Finesse


You were on level 8 of the Dungeon.
You worshipped Okawaru.
Okawaru was greatly pleased with you.
You visited 2 branches of the dungeon, and saw 9 of its levels.
You also visited: Sewer.

You collected 416 gold pieces.

Inventory:

Hand Weapons
 a - a +2 dagger of pain
 d - a +0 dagger of venom
 x - a +2 hand axe of distortion
 F - a +1 short sword of flaming
 M - a +6 spear of flaming (weapon)
Armour
 i - the +1 ring mail "Wuosoux" (worn) {rF+ Regen+ rCorr Int+5}
   (You found it on level 4 of the Dungeon)

   Int+5:     It affects your intelligence (+5).
   rF+:       It protects you from fire.
   Regen+:    It increases your rate of health regeneration.
   rCorr:     It protects you from acid and corrosion.
 n - a +0 pair of gloves (worn)
 p - a +2 leather armour of cold resistance
 J - a +2 cloak of preservation (worn)
 N - a +0 kite shield (worn)
Jewellery
 e - a ring of fire
 l - a ring of fire
 m - a +6 ring of strength
 q - a ring of fire
 v - a ring of positive energy
 y - a +6 ring of intelligence (right hand)
 z - a ring of fire
 A - a ring of wizardry
 G - a +4 ring of slaying (left hand)
 R - the ring of Izapn {rCorr MP+9}
   (You found it on level 7 of the Dungeon)

   [ring of magical power]

   MP+9:      It affects your magic capacity (+9).
   rCorr:     It protects you from acid and corrosion.
Wands
 c - a wand of paralysis (9)
 j - a wand of flame (15)
 u - a wand of mindburst (12)
 D - a wand of polymorph (9)
 L - a wand of digging (6)
 Q - a wand of iceblast (4)
Scrolls
 f - a scroll of enchant armour
 h - a scroll of amnesia
 o - a scroll of identify
 B - 2 scrolls of vulnerability
 C - a scroll of butterflies {unknown}
Potions
 b - 4 potions of curing
 g - 5 potions of attraction
 k - 2 potions of mutation
 r - 3 potions of cancellation
 t - 2 potions of lignification
 w - a potion of magic {unknown}
 K - a potion of might {unknown}
 S - a potion of enlightenment {unknown}


   Skills:
 + Level 6.5 Fighting
 + Level 5.9 Short Blades
 + Level 5.9 Long Blades
 + Level 5.9 Axes
 + Level 5.9 Maces & Flails
 + Level 5.9 Polearms
 + Level 5.9 Staves
 + Level 5.9 Ranged Weapons
 + Level 6.5 Throwing
 + Level 5.9 Armour
 + Level 10.4 Dodging
 + Level 5.9 Stealth
 + Level 5.9 Shields
 + Level 5.9 Unarmed Combat
 + Level 6.6 Spellcasting
 + Level 4.8 Conjurations
 + Level 4.8 Hexes
 + Level 4.8 Summonings
 + Level 4.8 Necromancy
 + Level 4.8 Translocations
 + Level 4.8 Transmutations
 + Level 4.8 Fire Magic
 + Level 4.8 Ice Magic
 + Level 4.8 Air Magic
 + Level 7.4 Earth Magic
 + Level 4.8 Poison Magic
 + Level 6.4 Invocations
 + Level 5.9 Evocations
 + Level 5.3 Shapeshifting


You had 18 spell levels left.
You knew the following spells:

 Your Spells              Type           Power      Damage    Failure   Level
a - Sandblast             Erth           94%        2d19      1%          1
b - Stone Arrow           Conj/Erth      80%        3d12      11%         3

Your spell library contained the following spells:

 Spells                   Type           Power      Damage    Failure   Level
 Passwall                 Tmut/Erth      33%        N/A       5%          2
 Blink                    Tloc           68%        N/A       9%          2
 Lesser Beckoning         Tloc           68%        N/A       9%          2
 Momentum Strike          Conj/Tloc      68%        3d9       9%          2
 Dazzling Flash           Conj/Hex       68%        N/A       19%         3
 Ozocubu's Armour         Ice            34%        N/A       19%         3
 Volatile Blastmotes      Fire/Tloc      68%        2d15      19%         3
 Brom's Barrelling Bould  Conj/Erth      40%        2d6       34%         4
 Leda's Liquefaction      Hex/Erth       20%        N/A       34%         4
 Lee's Rapid Deconstruct  Erth           23%        3d13*     50%         5
 Metabolic Englaciation   Hex/Ice        17%        N/A       86%         5
 Bombard                  Conj/Erth      20%        9d4       99%         6
 Starburst                Conj/Fire      17%        6d6       100%        6
 Maxwell's Capacitive Co  Air            17%        ∞         100%        8
 Simulacrum               Ice/Necr       Unusable   N/A       N/A         6

Dungeon Overview and Level Annotations

Branches:
Dungeon (8/15)             Temple (1/1) D:5           Sewer (visited)
   Lair: D:8-11

Altars:
Ashenzari
Cheibriados
Dithmenos
Elyvilon
Fedhas
Gozag
Hepliaklqana
Makhleb
Nemelex Xobeh
Okawaru
Qazlal
Ru
Sif Muna
Trog
Uskayaw
Vehumet
Wu Jian
Xom
Yredelemnul
Zin

Shops:
D:1 =


Innate Abilities, Weirdness & Mutations

You have very sharp teeth.
Your uncanny sense of smell can sniff out nearby items.
Your experience applies equally to all skills.


Message History

The death yak is moderately wounded.
You block the death yak's attack.
The death yak gores you but does no damage.
Casting: Stone Arrow (dangerous; 11% risk of failure)
Confirm with . or Enter, or press ? or * to list all spells.
Aiming: Stone Arrow (dangerous; 11% risk of failure)
Press: ? - help, Shift-Dir - straight line, f/p - death yak
Aim: a death yak (moderately wounded, 92% to hit)
The stone arrow hits the death yak!!
The death yak is heavily wounded.
You block the death yak's attack. The death yak gores you!
* * * LOW HITPOINT WARNING * * *
Casting: Stone Arrow (dangerous; 11% risk of failure)
Confirm with . or Enter, or press ? or * to list all spells.
Aiming: Stone Arrow (dangerous; 11% risk of failure)
Press: ? - help, Shift-Dir - straight line, f/p - death yak
Aim: a death yak (heavily wounded, 92% to hit)
The stone arrow hits the death yak!!
The death yak is almost dead.
The death yak gores you!
* * * LOW HITPOINT WARNING * * *
You block the death yak's attack.
Casting: Stone Arrow (dangerous; 11% risk of failure)
Confirm with . or Enter, or press ? or * to list all spells.
Aiming: Stone Arrow (dangerous; 11% risk of failure)
Press: ? - help, Shift-Dir - straight line, f/p - death yak
Aim: a death yak (almost dead, 92% to hit)
The stone arrow hits the death yak!
The death yak is almost dead.
The death yak closely misses you. You block the death yak's attack.
Casting: Stone Arrow (dangerous; 11% risk of failure)
Confirm with . or Enter, or press ? or * to list all spells.
You don't have enough magic to cast this spell.
Unknown command.
You feel better. The death yak gores you!!
* * * LOW HITPOINT WARNING * * *
The death yak closely misses you.
Okay, then.
You feel better. The death yak gores you!
You die...

+............## #.............##
#.....#........##
+........#......##
#...##...........###
###..#.............##
+.#........##.......###
#..#.......###........###
#.....#....#..@Y........##
###.............Y..........#
.........................######
.........................#....##
..##..........##.....#.........#
..###..........###..##.......###
...##..........###..##.......#
.........).....##......##...##
..##..............))...##...##


You could see 2 death yaks.

Vanquished Creatures
  A boulder beetle (D:7)
  2 death yaks (D:8)
  A deep elf pyromancer (D:7)
  An ugly thing (D:7)
  Grinder (D:4)
  A hornet (D:7)
  Sigmund (D:5)
  2 steam dragons (D:7)
  2 water moccasins (D:7)
  Duvessa (D:4)
  2 orc warriors (D:6)
  2 black bears
  A sky beast (D:7)
  4 ice beasts
  3 ogres
  2 kobold brigands (D:7)
  A gnoll sergeant (D:7)
  5 bullfrogs
  A wight (D:7)
  Dowan (D:4)
  4 howler monkeys
  Crazy Yiuf (D:7)
  2 gnoll boudas
  2 jellies
  3 orc priests
  3 hounds
  2 sleepcaps
  2 iguanas
  5 orc wizards
  Robin (D:4)
  14 gnolls
  8 adders
  A shadow imp (D:6)
  A white imp (D:6)
  An ufetubus (D:6)
  6 dart slugs
  22 orcs
  11 ball pythons
  12 endoplasms
  9 giant cockroaches
  14 goblins
  5 hobgoblins
  3 jackals (D:2)
  8 quokkas
  5 bats
  9 frilled lizards
  15 kobolds
  8 rats
212 creatures vanquished.

Notes
Turn   | Place    | Note
-------+----------+-------------------------------------------
     0 | D:1      | CowFu the Gnoll Wanderer began the quest for the Orb.
     0 | D:1      | CowFu set off with the following items: a +0 dagger, a
                  | potion of curing, a potion of berserk rage, a +2 leather
                  | armour; and the following spell memorised: Sandblast; and
                  | the following spells available to memorise: Stone Arrow.
     0 | D:1      | Reached XP level 1. HP: 17/17 MP: 4/4
   357 | D:1      | Found Gihyec's Jewellery Shop.
   367 | D:1      | Reached XP level 2. HP: 23/23 MP: 2/5
   905 | D:2      | Reached XP level 3. HP: 28/28 MP: 2/7
  1092 | D:2      | Reached skill level 1 in Invocations
  1640 | D:2      | Reached skill level 1 in Short Blades
  1640 | D:2      | Reached skill level 1 in Long Blades
  1640 | D:2      | Reached skill level 1 in Axes
  1640 | D:2      | Reached skill level 1 in Maces & Flails
  1640 | D:2      | Reached skill level 1 in Polearms
  1640 | D:2      | Reached skill level 1 in Staves
  1640 | D:2      | Reached skill level 1 in Ranged Weapons
  1640 | D:2      | Reached skill level 1 in Armour
  1640 | D:2      | Reached skill level 1 in Stealth
  1640 | D:2      | Reached skill level 1 in Shields
  1640 | D:2      | Reached skill level 1 in Unarmed Combat
  1640 | D:2      | Reached skill level 1 in Evocations
  2011 | D:3      | Reached XP level 4. HP: 34/34 MP: 8/8
  2070 | D:3      | Reached skill level 1 in Shapeshifting
  2560 | D:4      | Identified the +1 ring mail "Wuosoux" {rF+ Regen+ rCorr
                  | Int+5}
  2611 | D:4      | Noticed Dowan
  2611 | D:4      | Noticed Duvessa
  2730 | D:4      | Reached skill level 1 in Conjurations
  2730 | D:4      | Reached skill level 1 in Hexes
  2730 | D:4      | Reached skill level 1 in Summonings
  2730 | D:4      | Reached skill level 1 in Necromancy
  2730 | D:4      | Reached skill level 1 in Translocations
  2730 | D:4      | Reached skill level 1 in Transmutations
  2730 | D:4      | Reached skill level 1 in Fire Magic
  2730 | D:4      | Reached skill level 1 in Ice Magic
  2730 | D:4      | Reached skill level 1 in Air Magic
  2730 | D:4      | Reached skill level 1 in Poison Magic
  2843 | D:4      | Reached XP level 5. HP: 40/40 MP: 5/9
  2884 | D:4      | Found an opulent altar of Gozag.
  2884 | D:4      | Found a burning altar of Makhleb.
  2887 | D:4      | Noticed a black bear
  2895 | D:4      | Killed a black bear
  2896 | D:4      | Reached XP level 6. HP: 47/47 MP: 6/11
  3150 | D:4      | Noticed Robin
  3194 | D:4      | Killed Robin
  3422 | D:4      | Noticed Grinder
  3422 | D:4      | Paralysed by Grinder for 2 turns
  3440 | D:4      | Paralysed by Grinder for 2 turns
  3447 | D:4      | Paralysed by Grinder for 3 turns
  3451 | D:4      | Killed Grinder
  3452 | D:4      | Reached XP level 7. HP: 46/52 MP: 5/12
  3701 | D:4      | Killed Duvessa
  3702 | D:4      | Killed Dowan
  3703 | D:4      | Reached skill level 9 in Dodging
  3818 | D:5      | Entered Level 5 of the Dungeon
  3871 | D:5      | Learned a level 3 spell: Stone Arrow
  3945 | D:5      | Reached XP level 8. HP: 39/60 MP: 11/14
  4119 | D:5      | Found a glowing drain.
  4207 | Sewer    | Entered a sewer
  4796 | D:5      | Noticed Sigmund
  4798 | D:5      | Killed Sigmund
  4812 | D:5      | Found a staircase to the Ecumenical Temple.
  4821 | Temple   | Entered the Ecumenical Temple
  4825 | Temple   | Became a worshipper of Warmaster Okawaru
  5202 | D:5      | Reached XP level 9. HP: 53/66 MP: 2/16
  5431 | D:6      | Found a sacrificial altar of Ru.
  5482 | D:6      | Reached skill level 5 in Spellcasting
  5731 | D:6      | Found a hide-covered altar of Uskayaw.
  5988 | D:7      | Reached * piety under Okawaru
  5989 | D:7      | Reached skill level 5 in Fighting
  5989 | D:7      | Reached skill level 5 in Throwing
  6203 | D:7      | Reached skill level 5 in Invocations
  6212 | D:7      | Reached ** piety under Okawaru
  6452 | D:7      | Identified the ring of Izapn {rCorr MP+9}
  6499 | D:7      | Noticed a boulder beetle
  6501 | D:7      | Reached XP level 10. HP: 69/74 MP: 18/18
  6659 | D:7      | Noticed a deep elf pyromancer
  6671 | D:7      | Killed a deep elf pyromancer
  6671 | D:7      | Reached *** piety under Okawaru
  6672 | D:7      | Reached skill level 5 in Short Blades
  6672 | D:7      | Reached skill level 5 in Long Blades
  6672 | D:7      | Reached skill level 5 in Axes
  6672 | D:7      | Reached skill level 5 in Maces & Flails
  6672 | D:7      | Reached skill level 5 in Polearms
  6672 | D:7      | Reached skill level 5 in Staves
  6672 | D:7      | Reached skill level 5 in Ranged Weapons
  6672 | D:7      | Reached skill level 5 in Armour
  6672 | D:7      | Reached skill level 10 in Dodging
  6672 | D:7      | Reached skill level 5 in Stealth
  6672 | D:7      | Reached skill level 5 in Shields
  6672 | D:7      | Reached skill level 5 in Unarmed Combat
  6672 | D:7      | Reached skill level 5 in Evocations
  6870 | D:7      | Killed a boulder beetle
  7139 | D:7      | Noticed a brown ugly thing
  7157 | D:7      | Killed a brown ugly thing
  7157 | D:7      | Reached **** piety under Okawaru
  7243 | D:8      | Found a shadowy altar of Dithmenos.
  7293 | D:7      | Reached skill level 5 in Shapeshifting
  7666 | D:7      | Found a runed translucent door.
  7669 | D:7      | Noticed Crazy Yiuf
  7674 | D:7      | Killed Crazy Yiuf
  7756 | D:8      | Noticed a death yak
  7866 | D:8      | Noticed a death yak
  7885 | D:8      | Killed a death yak
  7891 | D:8      | Noticed a death yak
  7895 | D:8      | Noticed a death yak
  7903 | D:8      | Killed a death yak
  8127 | D:8      | Slain by a death yak

Illustrated notes

Levels and vault maps discovered:
D:1:      psy_arrival_heroes, layout_basic, serial_shops, shop
D:2:      layout_basic, supply_closet_lemuel
D:3:      cheibrodos_old_hovel, layout_rooms
D:4:      nicolae_cairo_tiling_very_big, layout_cave_pods,
          mainiacjoe_overflow_large_starburst, moated_statue, uniq_duvessa,
          uniq_robin, uniq_grinder
D:5:      layout_basic, minmay_temple_entry_butterflies, portal_sewer_entry_e,
          uniq_sigmund
D:6:      minmay_general_purpose_star, layout_rooms, lemuel_doored_altar,
          lemuel_crystal_altar
D:7:      layout_cave_pools, minivault_24, minmay_shattered_shrine,
          uniq_crazy_yiuf_cottage
D:8:      layout_cave_pools, mainiacjoe_overflow_24_doors,
          grunt_dithmenos_smoke, dpeg_lair_monsters
Temple:   hellmonk_temple_two_chambers

Skill      XL: |  1  2  3  4  5  6  7  8  9 10 |
---------------+-------------------------------+-----
Invocations    | 1 2 3 4 5 6 |  6.4
Short Blades   | 1 2 3 4 5 |  5.9
Long Blades    | 1 2 3 4 5 |  5.9
Axes           | 1 2 3 4 5 |  5.9
Maces & Flails | 1 2 3 4 5 |  5.9
Polearms       | 1 2 3 4 5 |  5.9
Staves         | 1 2 3 4 5 |  5.9
Ranged Weapons | 1 2 3 4 5 |  5.9
Armour         | 1 2 3 4 5 |  5.9
Stealth        | 1 2 3 4 5 |  5.9
Shields        | 1 2 3 4 5 |  5.9
Unarmed Combat | 1 2 3 4 5 |  5.9
Evocations     | 1 2 3 4 5 |  5.9
Shapeshifting  | 1 2 3 4 5 |  5.3
Spellcasting   | 3 4 5 6 |  6.6
Conjurations   | 1 2 3 4 |  4.8
Hexes          | 1 2 3 4 |  4.8
Summonings     | 1 2 3 4 |  4.8
Necromancy     | 1 2 3 4 |  4.8
Translocations | 1 2 3 4 |  4.8
Transmutations | 1 2 3 4 |  4.8
Fire Magic     | 1 2 3 4 |  4.8
Ice Magic      | 1 2 3 4 |  4.8
Air Magic      | 1 2 3 4 |  4.8
Poison Magic   | 1 2 3 4 |  4.8
Fighting       | 3 4 5 6 |  6.5
Throwing       | 3 4 5 6 |  6.5
Dodging        | 9 10 | 10.4
Earth Magic    | 6 7 |  7.4

Action                     |  1- 3 |  4- 6 |  7- 9 | 10-12 || total
---------------------------+-------+-------+-------+-------++-------
  Melee: Dagger            |    45 |   135 |    88 |       ||   268
         Bite              |     1 |     9 |    17 |    20 ||    47
         Punch             |       |     1 |     5 |       ||     6
         Short sword       |       |       |    18 |       ||    18
         Spear             |       |       |    40 |   139 ||   179
   Cast: Sandblast         |    36 |    39 |    98 |    25 ||   198
         Stone Arrow       |       |       |    21 |    25 ||    46
    Use: Scroll            |       |     9 |     2 |     9 ||    20
         Potion            |       |       |       |     6 ||     6
   Stab: Sleeping          |     3 |     1 |     1 |     1 ||     6
 Armour: Leather armour    |    19 |    28 |       |       ||    47
         Ring mail         |       |    55 |   132 |   128 ||   315
  Dodge: Dodged            |    46 |   128 |   162 |    95 ||   431
  Block: Kite shield       |       |       |    21 |   104 ||   125

Table legend: (Time is in decaauts)
 A = Elapsed time spent in this place.
 B = Non-inter-level travel time spent in this place.
 C = Inter-level travel time spent in this place.
 D = Time resting spent in this place.
 E = Time spent auto-exploring this place.
 F = Levels seen in this place.
 G = Mean time per level.
                   A        B        C        D        E       F      G
               +--------+--------+--------+--------+--------+-----+--------+
         Total |   8261 |   7948 |    313 |      0 |   5906 |  10 |  826.1 |
       Dungeon |   7689 |   7382 |    307 |      0 |   5511 |   8 |  961.1 |
        Temple |      8 |      2 |      6 |      0 |      0 |   1 |    8.0 |
         Sewer |    563 |    563 |      0 |      0 |    394 |   1 |  563.0 |
               +--------+--------+--------+--------+--------+-----+--------+

Top non-repeatable levels by time:
     D:7: 1631 daAuts
     D:4: 1212 daAuts
     D:2: 1080 daAuts
     D:5: 991 daAuts
     D:1: 905 daAuts
     D:6: 770 daAuts
     D:3: 644 daAuts
   Sewer: 563 daAuts
     D:8: 454 daAuts
  Temple: 8 daAuts
